 Dungeon Crawl Stone Soup version 0.24.0-123-gd5b16e6ec5 (webtiles) character file.

Game seed: 2759787227885685753, levelgen mode: deterministic

9800 Bergy the Basher (level 11, -22/96 HPs)
             Began as a Gargoyle Fighter on Dec 29, 2019.
             Was a Priest of Makhleb.
             Annihilated by a titanic slime creature (54 damage)
             ... on level 12 of the Dungeon.
             The game lasted 00:35:25 (12639 turns).

Bergy the Basher (Gargoyle Fighter)                Turns: 12639, Time: 00:35:25

Health: -22/96     AC: 32    Str: 22    XL:     11   Next: 52%
Magic:  11/11      EV:  2    Int: 10    God:    Makhleb [***...]
Gold:   667        SH: 11    Dex:  9    Spells: 10/10 levels left

rFire    . . .     SeeInvis .   C - +2 flail (protect)
rCold    . . .     Gourm    +   c - +0 shield
rNeg     + + +     Faith    .   (armour currently unavailable)
rPois    ∞         Spirit   .   (helmet currently unavailable)
rElec    .         Reflect  .   (cloak currently unavailable)
rCorr    .         Harm     .   (gloves currently unavailable)
MR       .....     NoTele   +   (boots currently unavailable)
Stlth    ++........             F - amulet of the gourmand
HPRegen  0.26/turn              I - ring of stealth
MPRegen  0.12/turn              (no ring)

@: tree-form, protection aura
A: negative energy resistance 1, petrification resistance, rot immunity, AC +8
a: Minor Destruction, Lesser Servant of Makhleb, Renounce Religion


You were on level 12 of the Dungeon.
You worshipped Makhleb.
Makhleb was most pleased with you.
You were very full.
You were a tree.
You visited 2 branches of the dungeon, and saw 13 of its levels.

You collected 667 gold pieces.

Inventory:

Hand Weapons
 C - a +2 flail of protection (weapon)
 L - a +2 whip of electrocution
Armour
 c - a +0 shield (worn)
 d - a +1 cloak (melded)
 p - a +1 helmet (melded)
 D - a +0 plate armour (melded)
Jewellery
 F - an amulet of the gourmand (around neck)
 I - a ring of stealth (left branch)
Wands
 q - a wand of paralysis (10)
 v - a wand of flame (36)
 w - a wand of iceblast (45)
 K - a wand of random effects (21)
Scrolls
 a - 3 scrolls of immolation
 e - 6 scrolls of enchant armour
 g - 7 scrolls of teleportation
 h - a scroll of fog
 j - a scroll of holy word {unknown}
 k - a scroll of amnesia {unknown}
 t - a scroll of blinking {unknown}
 y - a scroll of noise {unknown}
 z - a scroll of remove curse
 A - a scroll of fear
 B - 2 scrolls of magic mapping {unknown}
 E - a scroll of summoning {unknown}
Potions
 i - a potion of agility {unknown}
 l - a potion of magic {unknown}
 m - a potion of ambrosia {unknown}
 n - 3 potions of berserk rage
 o - a potion of brilliance {unknown}
 s - 2 potions of flight
 u - 2 potions of lignification
 x - a potion of mutation {unknown}
 H - a potion of degeneration {unknown}
 J - a potion of haste {unknown}
Comestibles
 b - a chunk of flesh
 f - 14 rations


   Skills:
 + Level 6.0 Fighting
 - Level 14.2 Maces & Flails
 + Level 5.8 Armour
 * Level 9.1 Shields


You had 10 spell levels left.
You didn't know any spells.
Your spell library contained the following spells:

 Spells                   Type           Power        Failure   Level  Hunger
 Beastly Appendage        Tmut           #.....       63%         1    ##.....
 Sticks to Snakes         Tmut           #.......     77%         2    ###....
 Spider Form              Tmut/Pois      #.........   94%         3    ####...
 Ice Form                 Ice/Tmut       #.......     100%        4    #####..
 Blade Hands              Tmut           #.........   100%        5    ######.
 Irradiate                Conj/Tmut      #.........   100%        5    ######.
 Hydra Form               Tmut           #.........   100%        6    #######
 Dragon Form              Tmut           #.........   100%        7    #######
 Statue Form              Tmut/Erth      Unusable     N/A         6    N/A

Dungeon Overview and Level Annotations

Branches:
Dungeon (12/15)            Temple (1/1) D:4            Lair (0/6) D:11
    Orc (0/2) D:11

Altars:
Ashenzari
Cheibriados
Dithmenos
Elyvilon
Fedhas
Gozag
Hepliaklqana
Kikubaaqudgha
Makhleb
Nemelex Xobeh
Okawaru
Qazlal
Ru
Sif Muna
Trog
Uskayaw
Vehumet
Wu Jian
Xom
Yredelemnul
Zin
The Shining One

Annotations:
D:11 exclusion: oklob plant


Innate Abilities, Weirdness & Mutations

You are resistant to torment.
((Your stone body is resilient. (AC +8)))
You are immune to poison.
You resist negative energy. (rN+)
((You are resistant to electric shocks. (rElec)))
((You can survive without breathing.))
You are immune to petrification.
You are immune to rotting.


Message History

Your +1 helmet melds into your body.
Your +0 plate armour melds into your body.
Your roots penetrate the ground.
You block the titanic slime creature's attack.
You sock the titanic slime creature!
The titanic slime creature is lightly wounded.
You block the titanic slime creature's attack.
You hit the titanic slime creature but do no damage.
The titanic slime creature is lightly wounded.
You thump the titanic slime creature!
The titanic slime creature is moderately wounded.
The titanic slime creature hits you!!
You sock the titanic slime creature!
The titanic slime creature is moderately wounded.
The titanic slime creature hits you but does no damage.
You sock the titanic slime creature!
The titanic slime creature is moderately wounded.
The titanic slime creature hits you!!!
Ouch! That really hurt!
You die...

##...#....<.#######
##..........÷.......
#.............######
#.........[.......
#.............####
##..........#.(#
##...#....###.#
#####.######....#
#♣#.......?.#
#J#....$....##
#5#..!.......
#.#........# #.#
..(....#
#.####.#..####.
###...J5.J....J..
#......##.#......
#.....[##.# ####.


You could see a titanic slime creature and a crimson imp.

Vanquished Creatures
  A hydra (D:9)
  Erolcha (D:11)
  A cyclops (D:11)
  An ugly thing (D:11)
  Joseph (D:9)
  A troll (D:11)
  A slime creature (D:12)
  2 hippogriffs
  2 dream sheep (D:9)
  Sigmund (D:2)
  5 yaks (D:9)
  A wyvern (D:9)
  A hungry ghost (D:7)
  A soldier ant (D:9)
  A water moccasin (D:5)
  6 orc warriors
  3 ice beasts
  2 sky beasts
  A black bear (D:9)
  A hornet zombie (D:10)
  2 phantoms
  An eye of draining (D:9)
  2 ogres
  2 centaurs
  3 big kobolds (D:9)
  3 bullfrogs
  4 scorpions
  3 wights (D:7)
  4 killer bees (D:11)
  4 howler monkeys
  4 crimson imps
  A jelly (D:8)
  A quasit (D:6)
  2 bullfrog skeletons (D:7)
  A bullfrog zombie (D:11)
  5 hounds
  5 orc priests
  4 iguanas
  5 orc wizards
  9 worker ants
  A killer bee zombie (D:5)
  A hound skeleton (D:7)
  10 adders
  4 shadow imps
  An ooze (D:1)
  2 adder zombies (D:5)
  An adder skeleton (D:7)
  5 worms
  5 dart slugs
  2 leopard geckos
  29 orcs
  A ball python (D:4)
  9 bats
  5 giant cockroaches
  8 goblins
  6 hobgoblins
  12 jackals
  9 kobolds
  7 quokkas
  3 frilled lizards
  11 rats
231 creatures vanquished.

Vanquished Creatures (collateral kills)
  A centaur warrior (D:11)
  An orc warrior (D:11)
2 creatures vanquished.

Vanquished Creatures (others)
  A plant (D:11)
1 creature vanquished.

Grand Total: 234 creatures vanquished

Notes
Turn   | Place    | Note
-------+----------+-------------------------------------------
     0 | D:1      | Bergy the Gargoyle Fighter began the quest for the Orb.
     0 | D:1      | Reached XP level 1. HP: 14/14 MP: 1/1
   102 | D:1      | Reached XP level 2. HP: 19/19 MP: 2/2
   193 | D:1      | Reached skill level 3 in Maces & Flails
   605 | D:1      | Reached XP level 3. HP: 18/23 MP: 3/3
   867 | D:2      | Found a basalt altar of Yredelemnul.
  1286 | D:2      | Noticed Sigmund
  1324 | D:3      | Reached skill level 4 in Maces & Flails
  1339 | D:3      | Reached XP level 4. HP: 25/28 MP: 4/4
  1711 | D:3      | Reached skill level 5 in Maces & Flails
  1714 | D:3      | Reached XP level 5. HP: 32/32 MP: 5/5
  2061 | D:3      | Found a bloodstained altar of Trog.
  2132 | D:4      | Found a staircase to the Ecumenical Temple.
  2150 | Temple   | Entered the Ecumenical Temple
  2218 | Temple   | Became a worshipper of Makhleb the Destroyer
  2408 | D:4      | Reached skill level 6 in Maces & Flails
  2408 | D:4      | Reached XP level 6. HP: 34/37 MP: 6/6
  2645 | D:4      | Found an ancient bone altar of Kikubaaqudgha.
  3207 | D:4      | Found an iron altar of Okawaru.
  3660 | D:2      | Found a shimmering blue altar of Sif Muna.
  3698 | D:2      | Killed Sigmund
  3698 | D:2      | Reached * piety under Makhleb
  3698 | D:2      | Reached skill level 7 in Maces & Flails
  3698 | D:2      | Reached XP level 7. HP: 27/41 MP: 7/7
  4035 | D:5      | Entered Level 5 of the Dungeon
  4137 | D:5      | Reached skill level 8 in Maces & Flails
  4753 | D:5      | Reached skill level 9 in Maces & Flails
  4753 | D:5      | Reached XP level 8. HP: 46/46 MP: 8/8
  5702 | D:6      | Reached skill level 10 in Maces & Flails
  6143 | D:7      | Reached ** piety under Makhleb
  6243 | D:7      | Reached skill level 11 in Maces & Flails
  6279 | D:7      | Noticed a hippogriff
  6295 | D:7      | Killed a hippogriff
  6295 | D:7      | Reached XP level 9. HP: 51/51 MP: 9/9
  7396 | D:8      | Reached skill level 12 in Maces & Flails
  7590 | D:8      | Found a sacrificial altar of Ru.
  7644 | D:8      | Found a snail-covered altar of Cheibriados.
  7666 | D:8      | Found a glowing silver altar of Zin.
  8275 | D:9      | Reached *** piety under Makhleb
  8503 | D:9      | Reached skill level 13 in Maces & Flails
  8571 | D:9      | Reached XP level 10. HP: 22/56 MP: 10/10
  8582 | D:9      | Identified the +11 rapier "Killer Bee's Death" {pierce,
                  | MP+9 Dex+4}
  8818 | D:9      | Noticed Joseph
  8864 | D:9      | Killed Joseph
  8945 | D:9      | Reached skill level 14 in Maces & Flails
  9444 | D:9      | Noticed a three-headed hydra
  9471 | D:9      | Killed a three-headed hydra
  9471 | D:9      | Reached skill level 5 in Shields
 10017 | D:10     | Entered Level 10 of the Dungeon
 10475 | D:10     | Reached XP level 11. HP: 60/62 MP: 11/11
 10663 | D:11     | Reached skill level 5 in Fighting
 10834 | D:11     | Noticed a cyclops
 10845 | D:11     | Killed a cyclops
 10845 | D:11     | Reached skill level 5 in Armour
 11281 | D:11     | Found a staircase to the Orcish Mines.
 11282 | D:11     | Noticed Erolcha
 11321 | D:11     | Paralysed by Erolcha for 7 turns
 11332 | D:11     | Paralysed by Erolcha for 4 turns
 11337 | D:11     | Killed Erolcha
 11485 | D:11     | Found an iron altar of Okawaru.
 11485 | D:11     | Noticed an orc knight
 11557 | D:11     | Noticed a purple ugly thing
 11574 | D:11     | Killed a purple ugly thing
 11611 | D:11     | Found a staircase to the Lair.
 11618 | D:11     | Noticed an oklob plant
 11799 | D:11     | Noticed a deep elf knight
 11805 | D:11     | Reached **** piety under Makhleb
 12150 | D:11     | Noticed a centaur warrior
 12150 | D:11     | Noticed a deep elf knight
 12151 | D:11     | Noticed a deep elf knight
 12303 | D:11     | Killed a centaur warrior
 12639 | D:12     | Annihilated by a titanic slime creature

Levels and vault maps discovered:
D:1:      nzn_arrival_settlement, layout_loops_cross
D:2:      layout_basic, marbit_many_paths, lemuel_doored_altar, uniq_sigmund
D:3:      layout_rooms, lightli_temple_of_fire, first_ration
D:4:      layout_layer_cave, old_standard_altar, temple_fountains,
          okawaru_altar_gauntlet_db
D:5:      layout_loops_corners
D:6:      layout_basic
D:7:      layout_loops_ring
D:8:      layout_loops_corners, zin_academy, hangedman_ru_absence,
          cheibriados_altar_1
D:9:      layout_long_grid, hangedman_ranch [blue_anna_fruit_fields],
          uniq_joseph
D:10:     layout_rooms
D:11:     evilmike_iron_armoury, layout_long_grid, dpeg_oklobed_lair,
          david_orc_2, hangedman_abyss_or_decor_slice, uniq_erolcha
D:12:     layout_rooms, minmay_statues_item
Temple:   nicolae_temple_great_sept

Skill      XL: |  1  2  3  4  5  6  7  8  9 10 11 |
---------------+----------------------------------+-----
Maces & Flails | 3 4 5 6 7 9 11 13 14 | 14.2
Shields        | 6 9 |  9.1
Fighting       | 4 6 |  6.0
Armour         | 4 5 |  5.8

Action                   |  1- 3 |  4- 6 |  7- 9 | 10-12 || total
-------------------------+-------+-------+-------+-------++-------
Melee: Flail             |   141 |   185 |   561 |   435 ||  1322
       Whip              |       |       |       |    51 ||    51
Invok: Lesser Servant of |       |       |       |     4 ||     4
  Use: Scroll            |       |       |     5 |    12 ||    17
       Potion            |       |       |     2 |    11 ||    13
  Eat: Chunk             |     1 |     4 |    13 |    21 ||    39
       Ration            |       |     1 |     3 |     1 ||     5
Armor: Scale mail        |    95 |   104 |   346 |   179 ||   724
       Plate armour      |       |       |       |    42 ||    42
       Skin              |       |       |       |     1 ||     1
Dodge: Dodged            |    61 |    57 |   163 |   104 ||   385
Block: Shield            |   101 |   105 |   247 |   191 ||   644
